 Dungeon Crawl Stone Soup version 0.29-a0-529-gfa20dd96a1 (webtiles) character file.

Game seed: 10510872369454116023

163 hquester1 the Skirmisher (level 5, 0/53 HPs)
             Began as a Troll Fighter on June 1, 2022.
             Killed by nerve-wracking pain
             ... invoked by an orc priest
              (14 damage)
             ... on level 3 of the Dungeon.
             The game lasted 00:05:50 (1917 turns).

hquester1 the Skirmisher (Troll Fighter)            Turns: 1917, Time: 00:05:51

Health: 0/53       AC: 11    Str: 24    XL:     5   Next: 20%
Magic:  4/4        EV:  9    Int:  4    God:
Gold:   136        SH:  8    Dex: 11    Spells: 4/4 levels left

rFire   . . .      SeeInvis .   f - +0 mace (protect)
rCold   . . .      Faith    .   c - +0 kite shield
rNeg    . . .      Spirit   .   b - +0 robe
rPois   .          Reflect  .   (helmet restricted)
rElec   .          Harm     .   (no cloak)
rCorr   .          Rampage  .   (gloves unavailable)
Will    .....                   (boots unavailable)
Stlth   +.........              (no amulet)
HPRegen 0.97/turn               (no ring)
MPRegen 0.09/turn               (no ring)

@: under a protective aura
A: large, unfitting armour, claws 3, regeneration 1, shaggy fur 1, tough skin 1
a: no special abilities


You were on level 3 of the Dungeon.
You visited 1 branch of the dungeon, and saw 3 of its levels.

You collected 136 gold pieces.

Inventory:

Hand Weapons
 a - a +0 flail
 f - a +0 mace of protection (weapon)
Armour
 b - a +0 robe (worn)
 c - a +0 kite shield (worn)
Jewellery
 j - a ring of wizardry
 p - an amulet of regeneration
Wands
 t - a wand of flame (18)
Scrolls
 e - a scroll of amnesia {unknown}
 i - a scroll of fear {unknown}
 l - a scroll of noise {unknown}
 m - a scroll of poison {unknown}
 o - 3 scrolls of teleportation {unknown}
 q - 2 scrolls of identify {unknown}
 s - a scroll of blinking {unknown}
Potions
 d - a potion of might
 g - a potion of berserk rage {unknown}
 h - a potion of curing {unknown}
 k - a potion of mutation {unknown}
 n - a potion of degeneration {unknown}
 r - a potion of attraction {unknown}
 u - a potion of haste {unknown}


   Skills:
 * Level 3.6 Fighting
 + Level 2.6 Maces & Flails
 + Level 3.0 Dodging
 + Level 3.4 Shields


You had 4 spell levels left.
You didn't know any spells.
Your spell library contained the following spells:

 Spells                   Type           Power      Damage    Failure   Level
 Ensorcelled Hibernation  Hex/Ice        0%         N/A       90%         2
 Static Discharge         Conj/Air       0%         N/A       90%         2
 Spider Form              Tmut/Pois      0%         N/A       99%         3
 Anguish                  Hex/Necr       0%         N/A       100%        4
 Dispel Undead            Necr           0%         3d6       100%        4
 Sticky Flame             Conj/Fire      0%         2d3       100%        4


Dungeon Overview and Level Annotations

Branches:
Dungeon (3/15)

Altars:
Fedhas
Makhleb

Shops:
D:1 [


Innate Abilities, Weirdness & Mutations

You are too large for most types of armour.
You have claws for hands.
Your natural rate of healing is unusually fast.
You are covered in fur. (AC +1)
You have tough skin. (AC +1)


Message History

You block the orc priest's attack.
You hit the orc priest.
The orc priest is lightly wounded.
The orc priest invokes the aid of Beogh against you.
Pain shoots through your body! You block the orc priest's attack.
You sock the orc priest!
The orc priest is severely wounded.
The orc priest barely misses you.
You closely miss the orc priest.
The orc priest is severely wounded.
You block the orc priest's attack.
The orc priest looks satisfied for a moment.
You closely miss the orc priest.
The orc priest is heavily wounded.
The orc priest casts a cantrip, but nothing happens.
You hit the orc priest but do no damage.
The orc priest is heavily wounded.
The orc priest hits you with a +0 club.
You closely miss the orc priest.
The orc priest is heavily wounded.
The orc priest hits you but does no damage.
You block the orc priest's attack.
You closely miss the orc priest.
The orc priest is heavily wounded.
The orc priest calls down the wrath of Beogh upon you.
Beogh smites you!
* * * LOW HITPOINT WARNING * * *
You barely miss the orc priest.
The orc priest is heavily wounded.
The orc priest looks encouraged for a moment.
You hit the orc priest but do no damage.
Your weapon exudes an aura of protection.
The orc priest is heavily wounded.
The orc priest closely misses you. The orc priest hits you with a +0 club.
* * * LOW HITPOINT WARNING * * *
You hit the orc priest.
The orc priest is severely wounded.
The orc priest mumbles some strange prayers to Beogh against you.
Pain shoots through your body!
You die...

....<..# #..###..#.# .#.....#
####.###..#.# ##.....##
##.........#.#
.......≈####+####§.......†...#
.#.#.#.≈≈§≈≈.≈§§≈≈.........###
.#...#...§...#........#.#.##
.##..+.......#..#.........#
.##.##.....# #..#o#.##..#.#
#..........# #..@)#.....#.#
##.........# #.####........
...........# #....#.....(...
.............#.##.#..o.....
...............# #.o...#.
...........##.#. #.o...#
...........##.#.
≈..........##. .
≈..........##. ..


You could see an orc priest.

Vanquished Creatures
  Jessica (D:2)
  Natasha (thrice) (D:2)
  2 adders
  2 dart slugs
  2 orcs (D:3)
  3 ball pythons
  An endoplasm (D:2)
  2 giant cockroaches
  5 goblins
  5 hobgoblins
  4 kobolds
  A quokka (D:2)
  7 bats
  3 frilled lizards
  A rat (D:1)
42 creatures vanquished.

Notes
Turn   | Place    | Note
-------+----------+-------------------------------------------
     0 | D:1      | hquester1 the Troll Fighter began the quest for the Orb.
     0 | D:1      | Reached XP level 1. HP: 22/22 MP: 0/0
    59 | D:1      | Found a faded altar of an unknown god.
   276 | D:1      | Reached XP level 2. HP: 29/29 MP: 1/1
   867 | D:1      | Found Viuse's Armour Shoppe.
   895 | D:2      | Noticed Jessica
   903 | D:2      | Killed Jessica
   904 | D:2      | Reached XP level 3. HP: 29/37 MP: 2/2
   945 | D:2      | Noticed Natasha
   951 | D:2      | Killed Natasha
   952 | D:2      | Reached XP level 4. HP: 45/45 MP: 3/3
  1351 | D:2      | Noticed Natasha
  1355 | D:2      | Killed Natasha
  1607 | D:2      | Noticed Natasha
  1615 | D:2      | Killed Natasha
  1616 | D:2      | Reached XP level 5. HP: 37/53 MP: 4/4
  1675 | D:3      | Found a blossoming altar of Fedhas.
  1784 | D:3      | Found a burning altar of Makhleb.
  1917 | D:3      | Killed from afar by an orc priest

Illustrated notes

Levels and vault maps discovered:
D:1:      onia_arrival_pentagram, layout_basic, serial_shops,
          nicolae_shop_advertising_works [nicolae_subvault_shop_adworks],
          hellmonk_ecumenical_altar_blasted, serial_corexii_hall,
          corexii_hall_statues_l, corexii_hall_statues_u,
          corexii_hall_statues_i, corexii_hall_statues_x,
          corexii_hall_statues_i, corexii_hall_statues_t, minmay_split_cup_large
D:2:      layout_loops_ring, uniq_jessica, uniq_natasha
D:3:      layout_basic, lemuel_doored_altar, mainiacjoe_overflow_brackets,
          lightli_temple_of_fire

Skill      XL: |  1  2  3  4 |
---------------+-------------+-----
Maces & Flails | 2 |  2.6
Fighting       | 3 |  3.6
Shields        | 3 |  3.4
Dodging        | 3 |  3.0

Action                   |  1- 3 |  4- 6 || total
-------------------------+-------+-------++-------
Melee: Mace              |    48 |    87 ||   135
       Flail             |     2 |       ||     2
Armor: Robe              |    25 |    29 ||    54
Dodge: Dodged            |    23 |    39 ||    62
Block: Kite shield       |    20 |    36 ||    56

Table legend: (Time is in decaauts)
 A = Elapsed time spent in this place.
 B = Non-inter-level travel time spent in this place.
 C = Inter-level travel time spent in this place.
 D = Time resting spent in this place.
 E = Time spent auto-exploring this place.
 F = Levels seen in this place.
 G = Mean time per level.
                   A        B        C        D        E       F      G
               +--------+--------+--------+--------+--------+-----+--------+
         Total |   1977 |   1901 |     76 |      0 |   1400 |   3 |  659.0 |
       Dungeon |   1977 |   1901 |     76 |      0 |   1400 |   3 |  659.0 |
               +--------+--------+--------+--------+--------+-----+--------+

Top non-repeatable levels by time:
     D:1: 907 daAuts
     D:2: 793 daAuts
     D:3: 276 daAuts
